 Dungeon Crawl Stone Soup version 0.26-a0-651-gb41185065b (webtiles) character file.

Game seed: 13590892559208855223

4 Irenicus the Skirmisher (level 1, -2/18 HPs)
             Began as a Demonspawn Chaos Knight on Oct 30, 2020.
             Was a Plaything of Xom.
             Slain by a gnoll
             ... wielding a +0 whip
              (9 damage)
             ... on level 1 of the Dungeon.
             The game lasted 00:00:27 (83 turns).

Irenicus the Skirmisher (Demonspawn Chaos Knight)     Turns: 83, Time: 00:00:28

Health: -2/18      AC:  5    Str: 12    XL:     1   Next: 58%
Magic:  1/1        EV: 11    Int: 13    God:    Xom [..*...]
Gold:   24         SH:  0    Dex: 12    Spells: 0/0 levels left

rFire    . . .     SeeInvis .   a - +0 mace (chaos)
rCold    . . .     Faith    .   (no shield)
rNeg     . . .     Spirit   .   b - +2 leather armour
rPois    .         Reflect  .   (no helmet)
rElec    .         Harm     .   (no cloak)
rCorr    .         Rampage  .   (no gloves)
MR       .....                  (no boots)
Stlth    +.........             (no amulet)
HPRegen  0.06/turn              (no ring)
MPRegen  0.07/turn              (no ring)

@: no status effects
A: no striking features
a: Renounce Religion


You were on level 1 of the Dungeon.
You worshipped Xom.
You were a toy of Xom.
You visited 1 branch of the dungeon, and saw 1 of its levels.

You collected 24 gold pieces.

Inventory:

Hand Weapons
 a - a +0 mace of chaos (weapon)
Armour
 b - a +2 leather armour (worn)
Scrolls
 c - a scroll of identify {unknown}
 d - a scroll of enchant weapon {unknown}
Potions
 e - a potion of haste {unknown}


   Skills:
 - Level 3.0 Fighting
 + Level 3.0 Maces & Flails
 - Level 1.7 Armour
 - Level 0.8 Dodging


You couldn't memorise any spells.
You didn't know any spells.
Your spell library was empty.

Dungeon Overview and Level Annotations

Branches:
Dungeon (1/15)

Altars:


Message History

Welcome, Irenicus the Demonspawn Chaos Knight.
It is said that the Orb of Zot exists deep within this dungeon.
Xom says: A new plaything!
Press ? for a list of commands and other information.
Found a staircase leading out of the dungeon.
You open the door.
There is an open door here.
A kobold comes into view. It is wielding a +0 club.
The kobold shouts!
A goblin comes into view.
A hobgoblin comes into view.
The goblin shouts!
The hobgoblin shouts!
The kobold hits you with a +0 club.
You take 3 damage, and have 15/18 hp.
You sock the kobold!
You kill the kobold!
You hit the goblin. You burn the goblin.
The goblin is heavily wounded.
The goblin hits you but does no damage.
You closely miss the goblin.
The goblin is heavily wounded.
The goblin closely misses you. The hobgoblin hits you.
The goblin closely misses you.
You take 3 damage, and have 12/18 hp.
You barely miss the goblin.
The goblin is moderately wounded.
The hobgoblin barely misses you. The goblin misses you. The hobgoblin hits you.
You take 1 damage, and have 11/18 hp.
The goblin hits you but does no damage.
You barely miss the goblin.
The goblin is moderately wounded.
The goblin hits you but does no damage. The hobgoblin barely misses you.
You hit the goblin.
You kill the goblin!
You hit the hobgoblin but do no damage.
The hobgoblin is poisoned.
The hobgoblin barely misses you.
The hobgoblin hits you but does no damage.
You thump the hobgoblin! You freeze the hobgoblin.
You kill the hobgoblin!
Things that are here:
a +0 club; a kobold corpse
c - a scroll labeled PEAXEU WADOQ You now have 14 gold pieces.
You now have 24 gold pieces (gained 10).
d - a scroll labeled BIARUCWAOSS A hobgoblin comes into view.
The hobgoblin shouts!
You hear an angry hiss.
You closely miss the hobgoblin. The hobgoblin hits you.
You take 1 damage, and have 12/18 hp.
You sock the hobgoblin!
You kill the hobgoblin!
Your Maces & Flails skill increases to level 3!
Found an escape hatch in the floor.
You see here 20 sling bullets.
e - a green potion A gnoll comes into view.
It is wielding a +0 whip.
A hobgoblin comes into view. It is wielding a +0 club.
The hobgoblin shouts!
Found a stone staircase leading down.
You hit the gnoll but do no damage. The gnoll hits you with a +0 whip!
The gnoll hits you but does no damage.
You take 7 damage, and have 6/18 hp.
MASSIVE DAMAGE!!
You sock the gnoll!
The gnoll is heavily wounded.
The gnoll barely misses you. The hobgoblin barely misses you.
A bat comes into view.
The bat hits you but does no damage. The bat hits you but does no damage.
You barely miss the gnoll.
The gnoll is heavily wounded.
The bat barely misses you. The gnoll hits you with a +0 whip!
Ouch! That really hurt!
You die...
Xom thinks this is hilarious!

.###.# #.......#####.
.....####.............
#..............#...
#.#......##########
########...#....#<..#.....
................#...#..###
#.....g.###....###'#....#
#######gb......# #....⌠.#
#......[@..(...# #..#....
..#####..##....# +.####..
#..# ....# #..#.... ....
..# #....⌠.# ...>..
#+#....# ....... #..###
........# #.. . .........#
### #


You could see a gnoll, a hobgoblin and a bat.

Vanquished Creatures
  A goblin (D:1)
  2 hobgoblins (D:1)
  A kobold (D:1)
4 creatures vanquished.

Notes
Turn   | Place    | Note
-------+----------+-------------------------------------------
     0 | D:1      | Irenicus the Demonspawn Chaos Knight began the quest for
                  | the Orb.
     0 | D:1      | Reached XP level 1. HP: 18/18 MP: 1/1
    59 | D:1      | Reached skill level 3 in Maces & Flails
    83 | D:1      | Slain by a gnoll

Illustrated notes

Levels and vault maps discovered:
D:1:      dpeg_arrival_court, layout_rooms

Skill      XL: |  1 |
---------------+----+-----
Maces & Flails | 3 |  3.0
Fighting       | |  3.0
Armour         | |  1.7
Dodging        | |  0.8

Action                   || total
-------------------------++-------
Melee: Mace              ||    13
Armor: Leather armour    ||     7
Dodge: Dodged            ||     9

Table legend: (Time is in decaauts)
 A = Elapsed time spent in this place.
 B = Non-inter-level travel time spent in this place.
 C = Inter-level travel time spent in this place.
 D = Time resting spent in this place.
 E = Time spent auto-exploring this place.
 F = Levels seen in this place.
 G = Mean time per level.
                   A        B        C        D        E       F      G
               +--------+--------+--------+--------+--------+-----+--------+
         Total |     86 |     86 |      0 |      0 |     49 |   1 |   86.0 |
       Dungeon |     86 |     86 |      0 |      0 |     49 |   1 |   86.0 |
               +--------+--------+--------+--------+--------+-----+--------+

Top non-repeatable levels by time:
     D:1: 86 daAuts

Table legend:
 A = Kills in this place as a percentage of kills in entire the game.
 B = Kills by you in this place as a percentage of kills by you in the entire game.
 C = Kills by friends in this place as a percentage of kills by friends in the entire game.
 D = Other kills in this place as a percentage of other kills in the entire game.
 E = Experience gained in this place as a percentage of experience gained in the entire game.
 F = Experience gained in this place divided by the number of levels of this place that you have seen.
                   A       B       C       D       E      F
               +-------+-------+-------+-------+-------+----------------------
         Total | 100.0 | 100.0 |   N/A |   N/A | 100.0 |   7.0
       Dungeon | 100.0 | 100.0 |   N/A |   N/A | 100.0 |   7.0
               +-------+-------+-------+-------+-------+----------------------
